 Dungeon Crawl Stone Soup version 0.26.1-11-gd32895ea62 (webtiles) character file.

Game seed: 3263493680955920070

720 bnorton916 the Magician (level 7, -1/36 HPs)
             Began as a Deep Elf Ice Elementalist on July 6, 2021.
             Slain by a phantom (8 damage)
             ... on level 4 of the Dungeon.
             The game lasted 00:07:32 (5605 turns).

bnorton916 the Magician (Deep Elf Ice Elementalist) Turns: 5605, Time: 00:07:32

Health: -1/36      AC:  2    Str:  5    XL:     7   Next: 42%
Magic:  11/19      EV: 16    Int: 22    God:
Gold:   109        SH:  0    Dex: 15    Spells: 4/19 levels left

rFire    . . .     SeeInvis .   d - +0 dagger
rCold    + . .     Faith    .   (no shield)
rNeg     . . .     Spirit   .   a - +0 robe
rPois    .         Reflect  .   (no helmet)
rElec    .         Harm     .   (no cloak)
rCorr    .         Rampage  .   (no gloves)
Will     .....                  (no boots)
Stlth    ++........             (no amulet)
HPRegen  0.12/turn              o - ring of protection from cold
MPRegen  0.16/turn              (no ring)

@: no status effects
A: no striking features
a: no special abilities


You were on level 4 of the Dungeon.
You visited 1 branch of the dungeon, and saw 4 of its levels.

You collected 109 gold pieces.

Inventory:

Hand Weapons
 d - a +0 dagger (weapon)
Missiles
 n - 21 poisoned darts (quivered)
Armour
 a - a +0 robe (worn)
Jewellery
 o - a ring of protection from cold (left hand)
Scrolls
 b - 3 scrolls of remove curse {unknown}
 c - a scroll of enchant armour {unknown}
 f - 2 scrolls of identify {unknown}
 g - a scroll of enchant weapon {unknown}
 l - 3 scrolls of teleportation {unknown}
 q - a scroll of fog {unknown}
Potions
 e - 2 potions of berserk rage {unknown}
 h - 2 potions of flight {unknown}
 i - 4 potions of heal wounds {unknown}
 j - 3 potions of curing {unknown}
 k - a potion of lignification {unknown}
 m - a potion of brilliance {unknown}
 p - a potion of haste
 r - a potion of might {unknown}


   Skills:
 - Level 6.0 Dodging
 - Level 2.4 Stealth
 - Level 6.8 Spellcasting
 + Level 0.5 Conjurations
 + Level 0.5 Summonings
 - Level 6.8 Ice Magic


You had 4 spell levels left.
You knew the following spells:

 Your Spells              Type           Power        Failure   Level
a - Freeze                Ice            100%         1%          1
b - Frozen Ramparts       Ice            74%          1%          3
c - Ozocubu's Armour      Ice            37%          1%          3
d - Hailstorm             Conj/Ice       23%          19%         4
e - Summon Ice Beast      Ice/Summ       23%          19%         4

Your spell library contained the following spells:

 Spells                   Type           Power        Failure   Level


Dungeon Overview and Level Annotations

Branches:
Dungeon (4/15)
 Temple: D:4-7

Altars:

Annotations:
D:4 Dowan


Message History

The phantom is heavily damaged.
The phantom hits you!
Your ice beast hits the phantom.
Your ice beast freezes the phantom.
The phantom resists.
Your ice beast closely misses the phantom.
You hit the phantom but do no damage.
The phantom is heavily damaged.
The phantom hits you!
* * * LOW HITPOINT WARNING * * *
Your ice beast hits the phantom.
Your ice beast freezes the phantom.
The phantom resists.
Your ice beast completely misses the phantom.
You hit the phantom but do no damage.
The phantom is severely damaged.
The phantom barely misses you.
Your ice beast barely misses the phantom.
Your ice beast hits the phantom but does no damage.
You hit the phantom.
The phantom is severely damaged.
The phantom hits you!
You die...

.# .# #.# .#######.#####
.............#
.####......#.#
<...#......#.######
.##.#......#......#
.##.#......#....Y.#
...)...........>@W#
[##.#...........Y(......
......................##
.##.########.#######..#
........ ...# .#
.###.... ..... # .# #
######.#. .# ....# .#


You could see a phantom and 2 friendly ice beasts.

Vanquished Creatures
  Sigmund (D:4)
  Duvessa (D:4)
  A howler monkey (D:4)
  A hound (D:4)
  3 orc priests
  3 orc wizards (D:3)
  A bullfrog skeleton (D:4)
  3 gnolls (D:2)
  6 adders
  An ooze (D:3)
  3 worms
  2 dart slugs
  4 leopard geckos
  13 orcs
  A ball python (D:2)
  5 giant cockroaches
  10 goblins
  6 hobgoblins
  4 jackals (D:3)
  4 kobolds
  A quokka (D:2)
  11 bats
  2 frilled lizards
  6 rats
93 creatures vanquished.

Vanquished Creatures (others)
  An orc wizard (D:4)
  2 hounds (D:4)
  An iguana (D:4)
  2 adders (D:4)
  2 orcs (D:4)
  A giant cockroach (D:4)
9 creatures vanquished.

Grand Total: 102 creatures vanquished

Notes
Turn   | Place    | Note
-------+----------+-------------------------------------------
     0 | D:1      | bnorton916 the Deep Elf Ice Elementalist began the quest
                  | for the Orb.
     0 | D:1      | Reached XP level 1. HP: 10/10 MP: 6/6
   190 | D:1      | Reached XP level 2. HP: 10/15 MP: 2/8
  1226 | D:2      | Reached XP level 3. HP: 13/19 MP: 3/10
  1434 | D:1      | Learned a level 3 spell: Frozen Ramparts
  1438 | D:1      | Learned a level 3 spell: Ozocubu's Armour
  1800 | D:2      | Reached skill level 5 in Ice Magic
  1802 | D:2      | Reached XP level 4. HP: 15/24 MP: 7/12
  2938 | D:3      | Reached XP level 5. HP: 7/28 MP: 9/14
  2939 | D:3      | Reached skill level 5 in Spellcasting
  3184 | D:3      | Reached XP level 6. HP: 25/32 MP: 6/16
  4383 | D:4      | Noticed Sigmund
  4396 | D:4      | Killed Sigmund
  4397 | D:4      | Reached skill level 5 in Dodging
  4698 | D:4      | Reached XP level 7. HP: 21/36 MP: 13/18
  4866 | D:4      | Noticed Duvessa
  4871 | D:4      | Noticed Dowan
  4881 | D:4      | Killed Duvessa
  5275 | D:3      | Learned a level 4 spell: Hailstorm
  5280 | D:3      | Learned a level 4 spell: Summon Ice Beast
  5605 | D:4      | Slain by a phantom

Illustrated notes

Levels and vault maps discovered:
D:1:      saegor_arrival_miasma, layout_loops_ring
D:2:      layout_basic
D:3:      cheibrodos_pilgrimage, layout_loops_ring
D:4:      minmay_skewed_foursquare, layout_basic, xom_confusion_cloud,
          serial_shops, shop, uniq_duvessa, uniq_eustachio, uniq_sigmund

Skill      XL: |  1  2  3  4  5  6  7 |
---------------+----------------------+-----
Dodging        | 3 4 5 6 |  6.0
Spellcasting   | 4 5 6 |  6.8
Ice Magic      | 5 6 |  6.8
Stealth        | |  2.4
Conjurations   | |  0.5
Summonings     | |  0.5

Action                   |  1- 3 |  4- 6 |  7- 9 || total
-------------------------+-------+-------+-------++-------
Melee: Dagger            |     8 |    23 |    26 ||    57
Throw: Dart              |       |     9 |     1 ||    10
 Cast: Freeze            |    41 |    55 |     3 ||    99
       Frozen Ramparts   |     2 |     7 |     5 ||    14
       Summon Ice Beast  |       |       |     3 ||     3
 Stab: Sleeping          |     2 |     4 |       ||     6
       Distracted        |       |     1 |       ||     1
Armor: Robe              |     8 |     1 |     2 ||    11
Dodge: Dodged            |    30 |    56 |    33 ||   119
